 Dungeon Crawl Stone Soup version 0.21.1-1-g345015f (webtiles) character file.

560 antender the Destroyer (level 7, -17/50 HPs)
             Began as a Purple Draconian Conjurer on Feb 8, 2018.
             Was an Initiate of Sif Muna.
             Demolished by Quirk's ghost (18 damage)
             ... on level 5 of the Dungeon.
             The game lasted 00:10:18 (4659 turns).

antender the Destroyer (Purple Draconian Conjurer)  Turns: 4659, Time: 00:10:19

Health: -17/50     AC:  6    Str: 10    XL:     7   Next: 9%
Magic:  9/10       EV: 12    Int: 18    God:    Sif Muna [......]
Gold:   160        SH:  0    Dex: 11    Spells: 7/10 levels left

rFire    . . .     SeeInvis .   r - +7 great mace "Undeadhunter" {disrupt, rN+}
rCold    . . .     Gourm    .   (shield currently unavailable)
rNeg     + . .     Faith    .   (armour unavailable)
rPois    .         Spirit   .   (helmet restricted)
rElec    .         Reflect  .   (no cloak)
rCorr    .         Harm     .   (no gloves)
MR       +....                  (no boots)
Stlth    ++........             (no amulet)
HPRegen  0.16/turn              (no ring)
MPRegen  0.12/turn              (no ring)

@: no status effects
A: breathe power, unfitting armour, cold-blooded, AC +6
a: Breathe Dispelling Energy, Renounce Religion


You were on level 5 of the Dungeon.
You worshipped Sif Muna.
Sif Muna was noncommittal.
You were not hungry.

You visited 2 branches of the dungeon, and saw 6 of its levels.

You collected 160 gold pieces.

Inventory:

Hand Weapons
 o - a +2 hand axe of electrocution
 q - a +4 scythe of venom
 r - the +7 great mace "Undeadhunter" (weapon) {disrupt, rN+}
   (You found it on level 5 of the Dungeon)

   It protects you from negative energy.
Jewellery
 g - a cursed -5 ring of intelligence {unknown}
 n - an uncursed ring of see invisible {unknown}
Wands
 j - a wand of digging (12)
Scrolls
 c - 6 scrolls of identify {unknown}
 f - 5 scrolls of magic mapping {unknown}
 h - 2 scrolls of blinking {unknown}
 i - a scroll of teleportation {unknown}
 m - 5 scrolls of remove curse {unknown}
 t - a scroll of immolation {unknown}
 u - a scroll of amnesia {unknown}
 v - a scroll of fog {unknown}
Potions
 d - a potion of lignification {unknown}
 e - a potion of agility {unknown}
 k - a potion of haste {unknown}
 l - 2 potions of flight {unknown}
 p - a potion of berserk rage {unknown}
 s - a potion of ambrosia {unknown}
Books
 a - a book of Conjurations

   Spells                             Type                      Level
   a - Magic Dart                     Conjuration                  1
   b - Searing Ray                    Conjuration                  2
   c - Dazzling Spray                 Conjuration/Hexes            3
   d - Fulminant Prism                Conjuration/Hexes            4
   e - Force Lance                    Conjuration/Translocation    4
   f - Iskenderun's Mystic Blast      Conjuration                  4
Comestibles
 b - 7 rations


   Skills:
 - Level 1.7 Dodging
 - Level 1.7 Stealth
 - Level 2.4 Spellcasting
 + Level 8.6 Conjurations


You had 7 spell levels left.
You knew the following spells:

 Your Spells              Type           Power        Failure   Level  Hunger
a - Magic Dart            Conj           ####         1%          1    #......
b - Searing Ray           Conj           ####..       1%          2    ##.....


Dungeon Overview and Level Annotations

Branches:
Dungeon (5/15)             Temple (1/1) D:4

Altars:
Cheibriados
Gozag
Makhleb
Nemelex Xobeh
Qazlal
Ru
Sif Muna
Vehumet
Wu Jian
Xom
Zin
The Shining One

Annotations:
D:5 Quirk's ghost, novice GnFi


Innate Abilities, Weirdness & Mutations

You can breathe bolts of dispelling energy.
Your rich purple scales are hard. (AC +6)
You cannot fit into any form of body armour.
You are cold-blooded and may be slowed by cold attacks.


Message History

Quirk's ghost is heavily damaged.
The leopard gecko completely misses you.
Quirk's ghost hits you! The leopard gecko closely misses you.
Quirk's ghost closely misses you.
You closely miss Quirk's ghost.
Your tail-slap misses Quirk's ghost.
Quirk's ghost is heavily damaged.
The leopard gecko closely misses you. x2
Quirk's ghost hits you but does no damage.
The leopard gecko bites you.
There is an open door, spattered with blood here.
You see here a chain mail.
You hit the leopard gecko.
You kill the leopard gecko!
Sif Muna accepts your kill.
You barely miss Quirk's ghost.
Quirk's ghost is heavily damaged.
Quirk's ghost hits you!!
* * * LOW HITPOINT WARNING * * *
Quirk's ghost hits you!!
You die...

#.........# ##.###
#.###########....#
#.#....#.........#
#.#.##.#.####....# #.#'##.#.#
#.....# #<.....#.# #.....#
#......#.# #.....# ########
#......#(###.....#####.....#.
#...........@...........[....
#..........W#########........
#.>....<....'.# #........
###+#.......#.# #.......#
#<........# #......##
#...............#.######
#....#######....#.# ####.#
...#.# ..# ..#.#


You could see Quirk's ghost.

Vanquished Creatures
  Sigmund (D:3)
  A scorpion (D:3)
  A howler monkey (D:5)
  An orc priest (D:2)
  An orc wizard (D:3)
  4 worker ants
  A worker ant zombie (D:5)
  6 adders
  A shadow imp (D:5)
  An adder skeleton (D:4)
  A worm (D:2)
  4 dart slugs
  6 leopard geckos
  3 orcs (D:3)
  8 bats
  4 giant cockroaches
  4 goblins
  12 hobgoblins
  3 jackals (D:4)
  3 quokkas
  5 frilled lizards
  3 kobolds (D:1)
  7 rats
81 creatures vanquished.

Notes
Turn   | Place    | Note
-------+----------+-------------------------------------------
     0 | D:1      | antender the Draconian Conjurer began the quest for the Orb.
     0 | D:1      | Reached XP level 1. HP: 14/14 MP: 3/3
   216 | D:1      | Reached XP level 2. HP: 9/20 MP: 0/5
  1051 | D:1      | Reached skill level 5 in Conjurations
  1051 | D:1      | Reached XP level 3. HP: 26/26 MP: 2/6
  2050 | D:3      | Noticed a scorpion
  2059 | D:2      | Reached XP level 4. HP: 3/33 MP: 4/7
  2381 | D:3      | Reached skill level 6 in Conjurations
  2509 | D:3      | Reached XP level 5. HP: 33/38 MP: 0/8
  2630 | D:3      | Noticed Sigmund
  2639 | D:3      | Killed Sigmund
  2639 | D:3      | Reached skill level 7 in Conjurations
  2639 | D:3      | Reached XP level 6. HP: 31/45 MP: 2/9
  3404 | D:4      | Found a glowing silver altar of Zin.
  3528 | D:4      | Reached skill level 8 in Conjurations
  3570 | D:4      | Learned a level 2 spell: Searing Ray
  3663 | D:4      | Found a staircase to the Ecumenical Temple.
  3671 | Temple   | Entered the Ecumenical Temple
  3694 | Temple   | Became a worshipper of Sif Muna the Loreminder
  3927 | D:4      | Found a deep blue altar of Sif Muna.
  4255 | D:5      | Entered Level 5 of the Dungeon
  4266 | D:5      | Found the +7 great mace "Undeadhunter" {disrupt, rN+}
  4374 | D:5      | Your scales start taking on a rich purple colour.
  4374 | D:5      | Reached XP level 7. HP: 19/50 MP: 3/10
  4648 | D:5      | Noticed Quirk's ghost (novice GnFi)
  4659 | D:5      | HP: 1/50 [Quirk's ghost (19)]
  4659 | D:5      | Demolished by Quirk's ghost

Skill      XL: |  1  2  3  4  5  6 |
---------------+-------------------+-----
Conjurations   | 5 6 7 8 |  8.6
Dodging        | |  1.7
Stealth        | |  1.7
Spellcasting   | |  2.4

Action                   |  1- 3 |  4- 6 |  7- 9 || total
-------------------------+-------+-------+-------++-------
Melee: Unarmed           |    43 |       |       ||    43
       Tailslap          |     6 |     1 |     1 ||     8
       Hand axe          |     7 |    19 |       ||    26
       Scythe            |       |    11 |       ||    11
       Great mace        |       |     9 |     6 ||    15
 Cast: Magic Dart        |    81 |    74 |    10 ||   165
  Eat: Chunk             |     5 |     8 |     1 ||    14
Armor: Skin              |     9 |     9 |     2 ||    20
Dodge: Dodged            |    32 |    33 |     5 ||    70
